 Dungeon Crawl Stone Soup version 0.22-a0-305-gd21a89c538 (webtiles) character file.

110 Oravi the Insei (level 4, -2/48 HPs)
             Began as a Merfolk Transmuter on Apr 1, 2018.
             Killed from afar by Ijyb (9 damage)
             ... with a wand of acid (3)
             ... on level 3 of the Dungeon.
             The game lasted 00:08:14 (2574 turns).

Oravi the Insei (Merfolk Transmuter)                Turns: 2574, Time: 00:08:18

Health: -2/48      AC: 18    Str: 14    XL:     4   Next: 91%
Magic:  1/7        EV:  2    Int: 12    God:
Gold:   80         SH:  0    Dex: 14    Spells: 2/8 levels left

rFire    . . .     SeeInvis .     - Unarmed
rCold    . . .     Gourm    .   (no shield)
rNeg     + + +     Faith    .   (armour currently unavailable)
rPois    +         Spirit   .   (helmet currently unavailable)
rElec    .         Reflect  .   (cloak currently unavailable)
rCorr    .         Harm     .   (gloves currently unavailable)
MR       .....     NoTele   +   (boots currently unavailable)
Stlth    +.........             j - amulet of rage
HPRegen  0.16/turn              f - +3 ring of strength
MPRegen  0.10/turn              (no ring)

@: tree-form, corroded, very slightly contaminated, drained
A: (change form in water), (swift swim), (stealthy swim)
a: Evoke Berserk Rage


You were on level 3 of the Dungeon.
You were hungry.
You were a tree.
You visited 1 branch of the dungeon, and saw 3 of its levels.

You collected 80 gold pieces.

Inventory:

Missiles
 a - 48 arrows
Armour
 b - a +0 robe
 g - a cursed +0 robe (melded)
Jewellery
 f - a +3 ring of strength (left branch)
 j - an amulet of rage (around neck)
Scrolls
 l - a scroll of amnesia
Potions
 e - a potion of brilliance
 k - a potion of lignification
 m - a potion of heal wounds {unknown}
Comestibles
 d - 9 rations


   Skills:
 + Level 1.2(0.2) Fighting
 + Level 3.5(2.5) Dodging
 + Level 4.3(3.2) Unarmed Combat
 + Level 2.5(1.5) Spellcasting
 * Level 4.0(2.9) Transmutations
 * Level 1.0(0.1) Poison Magic


You had 2 spell levels left.
You knew the following spells:

 Your Spells              Type           Power        Failure   Level  Hunger
a - Beastly Appendage     Tmut           #.....       9%          1    ##.....
b - Sticks to Snakes      Tmut           #.......     13%         2    ###....
c - Spider Form           Tmut/Pois      #.........   41%         3    ####...


Dungeon Overview and Level Annotations

Branches:
Dungeon (3/15)

Altars:
Nemelex Xobeh

Annotations:
D:3 Ijyb


Message History

You completely miss Ijyb.
The gnoll shouts!
Your headbutt misses Ijyb.
Ijyb is lightly wounded.
You hear a shout!
Ijyb zaps a wand.
The bolt of acid misses you.
A gnoll comes into view. It is wielding a flail.
You hit Ijyb. You headbutt Ijyb.
Ijyb is heavily wounded.
Ijyb zaps a wand.
The bolt of acid hits you! The acid corrodes you!
You are splashed with acid!
The acid burns!
* * * LOW HITPOINT WARNING * * *
Okay, then.
It was a potion of lignification.
Your horns disappear.
You turn into a tree.
Your cursed +0 robe melds into your body.
Your roots penetrate the ground.
Ijyb zaps a wand.
Helpless, you fail to dodge the bolt of acid.
You die...

# #............# #
#............# #
#............# #
#.....[......# #
#............# #
#######'###### #
##########'#### #
#.............#####
#
#............♣ggg.#
#
#..[<.........###.#
# #........<....#
####.............#
.........#########
.........#
)........#
.........#
.........#


You could see Ijyb and 2 gnolls.

Vanquished Creatures
  An orc wizard (D:3)
  4 adders
  A worm (D:2)
  4 dart slugs
  3 orcs (D:3)
  A ball python (D:3)
  4 goblins
  2 hobgoblins
  2 jackals (D:2)
  3 bats
  A frilled lizard (D:2)
  6 kobolds
  4 rats
36 creatures vanquished.

Notes
Turn   | Place    | Note
-------+----------+-------------------------------------------
     0 | D:1      | Oravi the Merfolk Transmuter began the quest for the Orb.
     0 | D:1      | Reached XP level 1. HP: 15/15 MP: 3/3
   565 | D:1      | Reached XP level 2. HP: 17/21 MP: 1/5
   986 | D:2      | Found a sparkling altar of Nemelex Xobeh.
  1242 | D:2      | Reached XP level 3. HP: 14/26 MP: 4/6
  1495 | D:2      | Learned a level 2 spell: Sticks to Snakes
  1499 | D:2      | Learned a level 3 spell: Spider Form
  2202 | D:3      | Reached XP level 4. HP: 26/32 MP: 5/7
  2244 | D:3      | Reached skill level 1 in Poison Magic
  2563 | D:3      | Noticed Ijyb
  2574 | D:3      | Killed from afar by Ijyb

Vault maps used:
D:1:      arrival_zaba_pyramid
D:2:      nemelex_xobeh_ov_fountains_minmay, first_ration, dk_noncrumbling_4
D:3:      uniq_ijyb

Skill      XL: |  1  2  3  4 |
---------------+-------------+-----
Transmutations | 3 4 |  4.0
Dodging        | 3 |  3.5
Unarmed Combat | 4 |  4.3
Poison Magic   | 1 |  1.0
Fighting       | |  1.2
Spellcasting   | |  2.5

Action                   |  1- 3 |  4- 6 || total
-------------------------+-------+-------++-------
Melee: Unarmed           |   100 |    25 ||   125
       Headbutt          |     9 |     4 ||    13
       Punch             |     1 |     1 ||     2
 Cast: Beastly Appendage |    18 |     4 ||    22
       Spider Form       |     1 |     1 ||     2
  Use: Potion            |     3 |     3 ||     6
       Scroll            |     3 |       ||     3
 Stab: Sleeping          |     2 |       ||     2
  Eat: Chunk             |     5 |     1 ||     6
Armor: Robe              |    11 |     6 ||    17
       Skin              |       |     1 ||     1
Dodge: Dodged            |    54 |    34 ||    88

Table legend:
 A = Spawn XP
 B = Non-spawn XP
 C = Spawn XP percentage of total XP
 D = Spawn monster count
 E = Non-spawn monster count
 F = Spawn count percentage of total count
 G = Total turns spent on level
                    A         B        C        D         E        F      G
               +---------+---------+-------+---------+---------+-------+---------
         Total |       0 |     158 |   0.0 |       0 |      36 |   0.0 |  2574
               +---------+---------+-------+---------+---------+-------+---------
           D:1 |       0 |      14 |   0.0 |       0 |       7 |   0.0 |   919
           D:2 |       0 |      53 |   0.0 |       0 |      16 |   0.0 |  1211
           D:3 |       0 |      91 |   0.0 |       0 |      13 |   0.0 |   444
               +---------+---------+-------+---------+---------+-------+---------
